 Dungeon Crawl Stone Soup version 0.32-a0-575-gafe9d2b (webtiles) character file.

Game seed: 8063260190287890775

38 Dorkslayer the Covered (level 3, -2/30 HPs)
             Began as a Demigod Fighter on Mar 1, 2024.
             Slain by a ribbon worm (7 damage)
             ... on level 2 of the Dungeon.
             The game lasted 00:02:11 (1170 turns).

Dorkslayer the Covered (Demigod Fighter)            Turns: 1170, Time: 00:02:11

Health: -2/30      AC:  6    Str: 21    XL:     3   Next: 10%
Magic:  5/5        EV:  9    Int: 10    God:
Gold:   31         SH:  4    Dex: 13    Spells: 2/2 levels left

rFire   . .          .
                       - Unarmed
rCold   . . .        b - +0 buckler
rNeg    . . .        a - +0 scale mail
rPois   .            (no helmet)
rElec   .            (no cloak)
rCorr   .            (no gloves)
SInv    .            (no boots)
Will    +....        (no amulet) Stlth
                     e - ring of willpower
HPRegen 0.25/turn    (no ring)
MPRegen 0.09/turn

%: no passive effects
@: attractive, hasted, very quick
A: high MP 1, forlorn, divine attributes
a: no special abilities


You were on level 2 of the Dungeon.
You visited 1 branch of the dungeon, and saw 2 of its levels.

You collected 31 gold pieces.

Inventory:

Armour
 a - a +0 scale mail (worn)
 b - a +0 buckler (worn)
Jewellery
 e - a ring of willpower (left hand)
Scrolls
 d - a scroll of teleportation {unknown}
 h - a scroll of identify {unknown}
Potions
 c - a potion of might
 f - a potion of attraction


   Skills:
 + Level 2.9 Fighting
 + Level 3.0 Armour
 * Level 1.0 Dodging
 + Level 2.9 Shields
 + Level 2.2 Unarmed Combat


You had 2 spell levels left.
You didn't know any spells.
Your spell library was empty.

Dungeon Overview and Level Annotations

Branches:
Dungeon (2/15)

Shops:
D:1 (


Innate Abilities, Weirdness & Mutations

You have an increased reservoir of magic. (+10% MP)
You shall have no god before yourself.
Your divine heritage dramatically boosts your attributes as you level up.


Message History

The ribbon worm bites you.
You hit the ribbon worm.
The ribbon worm is moderately wounded.
The ribbon worm bites you.
You hit the ribbon worm.
The ribbon worm is moderately wounded.
The ribbon worm bites you but does no damage.
You hit the ribbon worm.
The ribbon worm is moderately wounded.
You hit the ribbon worm but do no damage.
The ribbon worm is moderately wounded.
The ribbon worm bites you.
You barely miss the ribbon worm.
The ribbon worm is moderately wounded.
The ribbon worm bites you.
You hit the ribbon worm but do no damage.
The ribbon worm is moderately wounded.
The ribbon worm expels a string of sticky webbing.
The stream of webbing hits you but does no damage.
You are caught in a web!
You struggle to detach yourself from the web.
The ribbon worm bites you.
The web tears apart.
You hit the ribbon worm but do no damage.
The ribbon worm is lightly wounded.
The ribbon worm bites you.
* * * LOW HITPOINT WARNING * * *
The ribbon worm attacks as it pursues you!
You block the ribbon worm's attack.
It was a potion of attraction.
You feel attractive to monsters. You block the ribbon worm's attack.
It was a potion of haste.
You feel yourself speed up.
You hit the ribbon worm but do no damage.
The ribbon worm bites you.
* * * LOW HITPOINT WARNING * * *
You hit the ribbon worm.
The ribbon worm is moderately wounded.
The ribbon worm bites you!
You die...

### .. #.
#####.#########
#.....w@......#
#.###.#######.#
#. #.# #. #.#
#. #.# #. #.#
#. #.# #. #.#
#.#


You could see a ribbon worm.

Vanquished Creatures
  A bat (D:1)
  2 endoplasms (D:1)
  A giant cockroach (D:1)
  9 goblins (D:1)
  3 hobgoblins (D:1)
  3 quokkas
  5 ball pythons
  3 frilled lizards
  3 kobolds (D:1)
  2 rats (D:1)
32 creatures vanquished.

Notes
Turn   | Place    | Note
-------+----------+-------------------------------------------
     0 | D:1      | Dorkslayer the Demigod Fighter began the quest for the Orb.
     0 | D:1      | Reached XP level 1. HP: 18/18 MP: 3/3
    58 | D:1      | Found Urir's Antique Weapon Emporium.
   286 | D:1      | Reached XP level 2. HP: 19/25 MP: 4/4
   519 | D:1      | Reached skill level 3 in Armour
   834 | D:1      | Reached XP level 3. HP: 30/30 MP: 5/5
  1109 | D:2      | Reached skill level 1 in Dodging
  1170 | D:2      | Slain by a ribbon worm

Illustrated notes

Levels and vault maps discovered:
D:1:      eino_arrival_druids_welcome, layout_basic, serial_shops,
          nicolae_shop_dealshenge, minmay_cupped
D:2:      layout_loops_ring, serial_shops, nicolae_lakefront_shop, basic_altar,
          shapermc_ecumenical_altar_venn, st_stairs_5, serial_bayou_pond_c

Skill      XL: |  1  2  3 |
---------------+----------+-----
Unarmed Combat | 2 |  2.2
Armour         | 3 |  3.0
Dodging        | 1 |  1.0
Fighting       | |  2.9
Shields        | |  2.9

Action                     || total
---------------------------++-------
  Melee: Unarmed           ||   137
    Use: Potion            ||     2
 Armour: Scale mail        ||    92
  Dodge: Dodged            ||    72
  Block: Buckler           ||    28

Table legend: (Time is in decaauts)
 A = Elapsed time spent in this place.
 B = Non-inter-level travel time spent in this place.
 C = Inter-level travel time spent in this place.
 D = Time resting spent in this place.
 E = Time spent auto-exploring this place.
 F = Levels seen in this place.
 G = Mean time per level.
                   A        B        C        D        E       F      G
               +--------+--------+--------+--------+--------+-----+--------+
         Total |   1169 |   1169 |      0 |      0 |    706 |   2 |  584.5 |
       Dungeon |   1169 |   1169 |      0 |      0 |    706 |   2 |  584.5 |
               +--------+--------+--------+--------+--------+-----+--------+

Top non-repeatable levels by time:
     D:1: 1081 daAuts
     D:2: 88 daAuts
